Unix NetHack Version 3.7.0-62 Work-in-progress - last build Sep 4 2022 05:15:49 (19f23e9df9cc3a1919452eed5d8f743ebdc3eec5,branch:master).

Game began 2022-09-04 16:56:21, ended 2022-09-05 18:19:44.

rustyspoon, lawful female human Samurai

  
unexplored area
unexplored area
unexplored area
unexplored area
unexplored area
unexplored area
unexplored area
unexplored area
unexplored area
unexplored area
unexplored area
unexplored area
unexplored area
unexplored area
unexplored area
unexplored area
unexplored area
unexplored area
unexplored area
unexplored area
unexplored area
unexplored area
unexplored area
unexplored area
unexplored area
unexplored area
unexplored area
unexplored area
unexplored area
unexplored area
unexplored area
unexplored area
unexplored area
unexplored area
unexplored area
unexplored area
unexplored area
unexplored area
unexplored area
unexplored area
unexplored area
unexplored area
unexplored area
unexplored area
unexplored area
unexplored area
unexplored area
unexplored area
unexplored area
unexplored area
unexplored area
unexplored area
unexplored area
unexplored area
unexplored area
unexplored area
unexplored area
unexplored area
unexplored area
unexplored area
unexplored area
unexplored area
unexplored area
unexplored area
unexplored area
unexplored area
unexplored area
unexplored area
unexplored area
unexplored area
unexplored area
unexplored area
unexplored area
unexplored area
unexplored area
unexplored area
unexplored area
unexplored area
unexplored area
unexplored area
unexplored area
unexplored area
unexplored area
unexplored area
unexplored area
unexplored area
unexplored area
unexplored area
unexplored area
unexplored area
unexplored area
unexplored area
unexplored area
unexplored area
unexplored area
unexplored area
unexplored area
unexplored area
unexplored area
unexplored area
unexplored area
unexplored area
unexplored area
unexplored area
unexplored area
unexplored area
unexplored area
unexplored area
unexplored area
unexplored area
unexplored area
unexplored area
unexplored area
unexplored area
unexplored area
unexplored area
unexplored area
unexplored area
unexplored area
unexplored area
unexplored area
unexplored area
unexplored area
unexplored area
unexplored area
unexplored area
unexplored area
unexplored area
unexplored area
unexplored area
unexplored area
unexplored area
unexplored area
unexplored area
unexplored area
unexplored area
unexplored area
unexplored area
unexplored area
unexplored area
unexplored area
unexplored area
unexplored area
unexplored area
unexplored area
unexplored area
unexplored area
unexplored area
unexplored area
unexplored area
unexplored area
unexplored area
unexplored area
unexplored area
unexplored area
unexplored area
unexplored area
unexplored area
unexplored area
unexplored area
unexplored area
unexplored area
unexplored area
unexplored area
unexplored area
unexplored area
unexplored area
unexplored area
unexplored area
unexplored area
unexplored area
unexplored area
unexplored area
unexplored area
unexplored area
unexplored area
unexplored area
unexplored area
unexplored area
unexplored area
unexplored area
unexplored area
unexplored area
unexplored area
unexplored area
unexplored area
unexplored area
unexplored area
unexplored area
unexplored area
unexplored area
unexplored area
unexplored area
unexplored area
unexplored area
unexplored area
unexplored area
unexplored area
unexplored area
unexplored area
unexplored area
unexplored area
unexplored area
unexplored area
unexplored area
unexplored area
unexplored area
unexplored area
unexplored area
unexplored area
unexplored area
unexplored area
unexplored area
unexplored area
unexplored area
unexplored area
unexplored area
unexplored area
unexplored area
unexplored area
unexplored area
unexplored area
unexplored area
unexplored area
unexplored area
unexplored area
unexplored area
unexplored area
unexplored area
unexplored area
unexplored area
unexplored area
unexplored area
unexplored area
unexplored area
unexplored area
unexplored area
unexplored area
unexplored area
unexplored area
unexplored area
unexplored area
unexplored area
unexplored area
unexplored area
unexplored area
unexplored area
unexplored area
unexplored area
unexplored area
unexplored area
unexplored area
unexplored area
unexplored area
unexplored area
unexplored area
unexplored area
unexplored area
unexplored area
unexplored area
unexplored area
unexplored area
unexplored area
unexplored area
unexplored area
unexplored area
unexplored area
unexplored area
unexplored area
unexplored area
unexplored area
unexplored area
unexplored area
unexplored area
unexplored area
unexplored area
unexplored area
unexplored area
unexplored area
unexplored area
unexplored area
unexplored area
unexplored area
unexplored area
unexplored area
unexplored area
unexplored area
unexplored area
unexplored area
unexplored area
unexplored area
unexplored area
unexplored area
unexplored area
unexplored area
unexplored area
unexplored area
unexplored area
unexplored area
unexplored area
unexplored area
unexplored area
unexplored area
unexplored area
unexplored area
unexplored area
unexplored area
unexplored area
unexplored area
unexplored area
unexplored area
unexplored area
unexplored area
unexplored area
unexplored area
unexplored area
unexplored area
unexplored area
unexplored area
unexplored area
unexplored area
unexplored area
unexplored area
unexplored area
unexplored area
unexplored area
unexplored area
unexplored area
unexplored area
unexplored area
unexplored area
unexplored area
unexplored area
unexplored area
unexplored area
unexplored area
unexplored area
unexplored area
unexplored area
unexplored area
unexplored area
unexplored area
unexplored area
unexplored area
unexplored area
unexplored area
unexplored area
unexplored area
unexplored area
unexplored area
unexplored area
unexplored area
unexplored area
unexplored area
unexplored area
unexplored area
unexplored area
unexplored area
unexplored area
unexplored area
unexplored area
unexplored area
unexplored area
unexplored area
unexplored area
unexplored area
unexplored area
unexplored area
unexplored area
unexplored area
unexplored area
unexplored area
unexplored area
unexplored area
unexplored area
unexplored area
unexplored area
unexplored area
unexplored area
unexplored area
unexplored area
unexplored area
unexplored area
unexplored area
unexplored area
unexplored area
unexplored area
unexplored area
unexplored area
unexplored area
unexplored area
unexplored area
unexplored area
unexplored area
unexplored area
unexplored area
unexplored area
unexplored area
unexplored area
unexplored area
unexplored area
unexplored area
unexplored area
unexplored area
unexplored area
unexplored area
unexplored area
wall
wall
wall
wall
wall
unexplored area
unexplored area
unexplored area
unexplored area
unexplored area
unexplored area
unexplored area
unexplored area
unexplored area
unexplored area
unexplored area
unexplored area
unexplored area
unexplored area
unexplored area
unexplored area
unexplored area
unexplored area
unexplored area
unexplored area
unexplored area
unexplored area
unexplored area
unexplored area
unexplored area
unexplored area
unexplored area
unexplored area
unexplored area
unexplored area
unexplored area
unexplored area
unexplored area
unexplored area
unexplored area
unexplored area
unexplored area
unexplored area
unexplored area
unexplored area
unexplored area
unexplored area
unexplored area
unexplored area
unexplored area
wall
wall
wall
wall
wall
unexplored area
unexplored area
unexplored area
unexplored area
unexplored area
unexplored area
unexplored area
unexplored area
unexplored area
unexplored area
unexplored area
unexplored area
unexplored area
unexplored area
unexplored area
unexplored area
unexplored area
unexplored area
unexplored area
unexplored area
unexplored area
unexplored area
unexplored area
unexplored area
unexplored area
.dark part of a room
.dark part of a room
.dark part of a room
wall
unexplored area
unexplored area
unexplored area
unexplored area
unexplored area
unexplored area
unexplored area
unexplored area
unexplored area
unexplored area
unexplored area
unexplored area
unexplored area
unexplored area
unexplored area
unexplored area
unexplored area
unexplored area
unexplored area
unexplored area
unexplored area
unexplored area
unexplored area
unexplored area
unexplored area
unexplored area
unexplored area
unexplored area
unexplored area
unexplored area
unexplored area
unexplored area
unexplored area
unexplored area
unexplored area
unexplored area
unexplored area
unexplored area
unexplored area
unexplored area
unexplored area
unexplored area
unexplored area
unexplored area
unexplored area
wall
.dark part of a room
.dark part of a room
.dark part of a room
unexplored area
unexplored area
unexplored area
unexplored area
unexplored area
unexplored area
unexplored area
unexplored area
unexplored area
unexplored area
unexplored area
unexplored area
unexplored area
unexplored area
unexplored area
unexplored area
unexplored area
unexplored area
wall
wall
wall
wall
wall
wall
wall
wall
wall
.dark part of a room
.dark part of a room
wall
wall
unexplored area
unexplored area
unexplored area
unexplored area
wall
unexplored area
unexplored area
unexplored area
unexplored area
unexplored area
unexplored area
unexplored area
unexplored area
unexplored area
unexplored area
unexplored area
unexplored area
unexplored area
unexplored area
unexplored area
unexplored area
unexplored area
unexplored area
unexplored area
unexplored area
unexplored area
unexplored area
unexplored area
unexplored area
unexplored area
unexplored area
unexplored area
unexplored area
unexplored area
unexplored area
unexplored area
unexplored area
unexplored area
unexplored area
unexplored area
unexplored area
unexplored area
unexplored area
wall
wall
.dark part of a room
.dark part of a room
wall
wall
wall
wall
wall
wall
wall
wall
wall
unexplored area
unexplored area
unexplored area
unexplored area
unexplored area
unexplored area
unexplored area
unexplored area
unexplored area
unexplored area
wall
.floor of a room
.floor of a room
.floor of a room
.floor of a room
.floor of a room
.floor of a room
.floor of a room
wall
.dark part of a room
.dark part of a room
.dark part of a room
wall
wall
unexplored area
wall
wall
)a long sword
.dark part of a room
.dark part of a room
unexplored area
unexplored area
unexplored area
unexplored area
unexplored area
unexplored area
unexplored area
unexplored area
unexplored area
unexplored area
unexplored area
unexplored area
unexplored area
unexplored area
unexplored area
unexplored area
unexplored area
unexplored area
unexplored area
unexplored area
unexplored area
unexplored area
unexplored area
unexplored area
unexplored area
unexplored area
unexplored area
unexplored area
unexplored area
.dark part of a room
.dark part of a room
.dark part of a room
wall
wall
unexplored area
wall
wall
%a killer bee corpse
.dark part of a room
.dark part of a room
wall
.dark part of a room
.dark part of a room
.dark part of a room
.dark part of a room
.dark part of a room
.dark part of a room
.dark part of a room
wall
unexplored area
unexplored area
unexplored area
unexplored area
unexplored area
unexplored area
unexplored area
unexplored area
unexplored area
unexplored area
wall
.floor of a room
.floor of a room
.floor of a room
@peaceful high priest of Amaterasu Omikami
.floor of a room
)a mace
.floor of a room
wall
.dark part of a room
.dark part of a room
.dark part of a room
.dark part of a room
wall
wall
wall
.dark part of a room
.dark part of a room
.dark part of a room
.dark part of a room
%a priestess corpse
.dark part of a room
.dark part of a room
.dark part of a room
unexplored area
unexplored area
unexplored area
unexplored area
unexplored area
unexplored area
unexplored area
unexplored area
unexplored area
wall
+closed door
wall
unexplored area
unexplored area
unexplored area
unexplored area
unexplored area
unexplored area
unexplored area
unexplored area
unexplored area
unexplored area
unexplored area
unexplored area
.dark part of a room
.dark part of a room
.dark part of a room
.dark part of a room
.dark part of a room
wall
wall
wall
.dark part of a room
.dark part of a room
.dark part of a room
.dark part of a room
wall
.dark part of a room
.dark part of a room
.dark part of a room
.dark part of a room
.dark part of a room
.dark part of a room
.dark part of a room
wall
unexplored area
unexplored area
unexplored area
unexplored area
unexplored area
unexplored area
unexplored area
unexplored area
unexplored area
unexplored area
wall
.floor of a room
.floor of a room
.floor of a room
@invisible human samurai called rustyspoon
"the Amulet of Yendor
.floor of a room
AAngel of Raijin
-open door
.floor of a room
AAngel of Susanowo
.floor of a room
.floor of a room
%a killer bee corpse
AAngel of Susanowo
.dark part of a room
.dark part of a room
.dark part of a room
.dark part of a room
.dark part of a room
$some gold pieces
%a gold dragon corpse
.dark part of a room
.dark part of a room
.dark part of a room
unexplored area
unexplored area
unexplored area
unexplored area
unexplored area
unexplored area
unexplored area
unexplored area
unexplored area
.dark part of a room
unexplored area
unexplored area
unexplored area
unexplored area
unexplored area
unexplored area
unexplored area
unexplored area
unexplored area
unexplored area
unexplored area
unexplored area
.dark part of a room
.dark part of a room
.dark part of a room
stone
.dark part of a room
.dark part of a room
.dark part of a room
.broken door
%a killer bee corpse
.dark part of a room
.dark part of a room
.dark part of a room
%a killer bee corpse
%a giant beetle corpse
%a fire ant corpse
.dark part of a room
.dark part of a room
_aligned high altar
.dark part of a room
.dark part of a room
.dark part of a room
wall
unexplored area
unexplored area
unexplored area
unexplored area
unexplored area
unexplored area
unexplored area
unexplored area
unexplored area
unexplored area
wall
.floor of a room
.floor of a room
.floor of a room
.floor of a room
.floor of a room
.floor of a room
.floor of a room
wall
.dark part of a room
.dark part of a room
%a fire ant corpse
.dark part of a room
wall
wall
wall
.dark part of a room
.dark part of a room
.dark part of a room
.dark part of a room
.dark part of a room
.dark part of a room
.dark part of a room
.dark part of a room
.dark part of a room
unexplored area
unexplored area
unexplored area
unexplored area
unexplored area
unexplored area
unexplored area
unexplored area
unexplored area
.dark part of a room
unexplored area
unexplored area
unexplored area
unexplored area
unexplored area
unexplored area
unexplored area
unexplored area
unexplored area
unexplored area
unexplored area
.dark part of a room
.dark part of a room
%a giant beetle corpse
.dark part of a room
.dark part of a room
.dark part of a room
.dark part of a room
wall
wall
wall
.dark part of a room
.dark part of a room
.dark part of a room
.dark part of a room
wall
.dark part of a room
.dark part of a room
.dark part of a room
.dark part of a room
.dark part of a room
.dark part of a room
.dark part of a room
wall
unexplored area
unexplored area
unexplored area
unexplored area
unexplored area
unexplored area
unexplored area
unexplored area
unexplored area
unexplored area
wall
.floor of a room
.floor of a room
.floor of a room
.floor of a room
.floor of a room
.floor of a room
.floor of a room
wall
.dark part of a room
.dark part of a room
.dark part of a room
wall
wall
unexplored area
wall
wall
.dark part of a room
.dark part of a room
.dark part of a room
%Famine's corpse
.dark part of a room
.dark part of a room
.dark part of a room
wall
unexplored area
unexplored area
unexplored area
unexplored area
unexplored area
unexplored area
unexplored area
unexplored area
unexplored area
|open door
unexplored area
unexplored area
unexplored area
unexplored area
unexplored area
unexplored area
unexplored area
unexplored area
unexplored area
unexplored area
unexplored area
.dark part of a room
.dark part of a room
.dark part of a room
.dark part of a room
.dark part of a room
.dark part of a room
wall
wall
unexplored area
wall
wall
.dark part of a room
.dark part of a room
.dark part of a room
wall
.dark part of a room
.dark part of a room
.dark part of a room
.dark part of a room
.dark part of a room
.dark part of a room
.dark part of a room
wall
unexplored area
unexplored area
unexplored area
unexplored area
unexplored area
unexplored area
unexplored area
unexplored area
unexplored area
unexplored area
wall
wall
wall
wall
wall
wall
wall
wall
wall
.dark part of a room
.dark part of a room
wall
wall
unexplored area
unexplored area
unexplored area
wall
wall
wall
wall
%a flesh golem corpse
wall
wall
wall
unexplored area
unexplored area
unexplored area
unexplored area
unexplored area
unexplored area
unexplored area
unexplored area
unexplored area
unexplored area
unexplored area
unexplored area
unexplored area
unexplored area
unexplored area
unexplored area
unexplored area
unexplored area
unexplored area
unexplored area
unexplored area
unexplored area
wall
wall
0a boulder
wall
wall
wall
wall
unexplored area
unexplored area
unexplored area
wall
wall
.dark part of a room
.dark part of a room
wall
wall
wall
wall
wall
wall
wall
wall
wall
unexplored area
unexplored area
unexplored area
unexplored area
unexplored area
unexplored area
unexplored area
unexplored area
unexplored area
unexplored area
unexplored area
unexplored area
unexplored area
unexplored area
unexplored area
unexplored area
unexplored area
unexplored area
.dark part of a room
.dark part of a room
.dark part of a room
wall
unexplored area
unexplored area
unexplored area
unexplored area
unexplored area
unexplored area
wall
.dark part of a room
.dark part of a room
.dark part of a room
wall
wall
wall
wall
wall
wall
wall
unexplored area
unexplored area
unexplored area
unexplored area
unexplored area
unexplored area
unexplored area
unexplored area
unexplored area
unexplored area
unexplored area
wall
wall
wall
wall
wall
wall
wall
.dark part of a room
.dark part of a room
%a giant beetle corpse
wall
unexplored area
unexplored area
unexplored area
unexplored area
unexplored area
unexplored area
wall
.dark part of a room
.dark part of a room
.dark part of a room
.dark part of a room
unexplored area
unexplored area
unexplored area
unexplored area
unexplored area
unexplored area
unexplored area
unexplored area
unexplored area
unexplored area
unexplored area
unexplored area
unexplored area
unexplored area
unexplored area
unexplored area
unexplored area
unexplored area
unexplored area
unexplored area
unexplored area
unexplored area
unexplored area
unexplored area
wall
wall
wall
wall
wall
unexplored area
unexplored area
unexplored area
unexplored area
unexplored area
unexplored area
.dark part of a room
.dark part of a room
.dark part of a room
.dark part of a room
.dark part of a room
.dark part of a room
.dark part of a room
.dark part of a room
.dark part of a room
.dark part of a room
wall
unexplored area
unexplored area
unexplored area
unexplored area
unexplored area
unexplored area
unexplored area
unexplored area
unexplored area
unexplored area
unexplored area
wall
.dark part of a room
.dark part of a room
.dark part of a room
.dark part of a room
.dark part of a room
)a long sword
.dark part of a room
[a dented pot
.dark part of a room
wall
unexplored area
unexplored area
unexplored area
unexplored area
unexplored area
unexplored area
wall
wall
wall
wall
wall
wall
unexplored area
unexplored area
unexplored area
unexplored area
unexplored area
unexplored area
unexplored area
unexplored area
unexplored area
unexplored area
unexplored area
unexplored area
unexplored area
unexplored area
unexplored area
unexplored area
unexplored area
unexplored area
unexplored area
unexplored area
unexplored area
unexplored area
unexplored area
unexplored area
unexplored area
unexplored area
unexplored area
unexplored area
unexplored area
unexplored area
unexplored area
unexplored area
unexplored area
unexplored area
.dark part of a room
.dark part of a room
.dark part of a room
.dark part of a room
.dark part of a room
.dark part of a room
.dark part of a room
.dark part of a room
.dark part of a room
.dark part of a room
wall
wall
unexplored area
unexplored area
unexplored area
.dark part of a room
.dark part of a room
.dark part of a room
unexplored area
unexplored area
unexplored area
wall
wall
.dark part of a room
.dark part of a room
.dark part of a room
wall
wall
wall
wall
wall
wall
wall
unexplored area
unexplored area
unexplored area
unexplored area
unexplored area
unexplored area
unexplored area
unexplored area
unexplored area
unexplored area
unexplored area
unexplored area
unexplored area
unexplored area
unexplored area
unexplored area
unexplored area
unexplored area
unexplored area
unexplored area
unexplored area
unexplored area
unexplored area
unexplored area
unexplored area
unexplored area
unexplored area
unexplored area
unexplored area
unexplored area
unexplored area
unexplored area
unexplored area
unexplored area
unexplored area
unexplored area
unexplored area
unexplored area
unexplored area
unexplored area
unexplored area
unexplored area
unexplored area
unexplored area
unexplored area
unexplored area
unexplored area
.dark part of a room
.dark part of a room
.dark part of a room
.remembered, unseen, creature
.dark part of a room
.dark part of a room
.dark part of a room
.dark part of a room
stone
.dark part of a room
wall
wall
unexplored area
unexplored area
.dark part of a room
.dark part of a room
.dark part of a room
unexplored area
unexplored area
wall
wall
.dark part of a room
.dark part of a room
.dark part of a room
.dark part of a room
wall
unexplored area
unexplored area
unexplored area
unexplored area
unexplored area
unexplored area
unexplored area
unexplored area
unexplored area
unexplored area
unexplored area
unexplored area
unexplored area
unexplored area
unexplored area
unexplored area
unexplored area
unexplored area
unexplored area
unexplored area
unexplored area
unexplored area
unexplored area
unexplored area
unexplored area
unexplored area
unexplored area
unexplored area
unexplored area
unexplored area
unexplored area
unexplored area
unexplored area
unexplored area
unexplored area
unexplored area
unexplored area
unexplored area
unexplored area
unexplored area
unexplored area
unexplored area
unexplored area
unexplored area
unexplored area
unexplored area
unexplored area
unexplored area
unexplored area
unexplored area
unexplored area
unexplored area
unexplored area
remembered, unseen, creature
.dark part of a room
.remembered, unseen, creature
.dark part of a room
.dark part of a room
.dark part of a room
.dark part of a room
.dark part of a room
.dark part of a room
.dark part of a room
.dark part of a room
wall
wall
wall
wall
|open door
wall
wall
wall
wall
.dark part of a room
.dark part of a room
.dark part of a room
wall
wall
wall
unexplored area
unexplored area
unexplored area
unexplored area
unexplored area
unexplored area
unexplored area
unexplored area
unexplored area
unexplored area
unexplored area
unexplored area
unexplored area
unexplored area
unexplored area
unexplored area
unexplored area
unexplored area
unexplored area
unexplored area
unexplored area
unexplored area
unexplored area
unexplored area
unexplored area
unexplored area
unexplored area
unexplored area
unexplored area
unexplored area
unexplored area
unexplored area
unexplored area
unexplored area
unexplored area
unexplored area
unexplored area
unexplored area
unexplored area
unexplored area
unexplored area
unexplored area
unexplored area
unexplored area
unexplored area
unexplored area
unexplored area
unexplored area
unexplored area
unexplored area
unexplored area
unexplored area
unexplored area
unexplored area
unexplored area
.dark part of a room
.dark part of a room
.dark part of a room
.dark part of a room
.dark part of a room
.dark part of a room
.dark part of a room
stone
%a trapper corpse
.dark part of a room
)a long sword
)a shito
%a human corpse
.dark part of a room
.dark part of a room
.dark part of a room
.dark part of a room
)a long sword
.dark part of a room
.dark part of a room
.dark part of a room
wall
unexplored area
unexplored area
unexplored area
unexplored area
unexplored area
unexplored area
unexplored area
unexplored area
unexplored area
unexplored area
unexplored area
unexplored area
unexplored area
unexplored area
unexplored area
unexplored area
unexplored area
unexplored area
unexplored area
unexplored area
unexplored area
unexplored area
unexplored area
unexplored area
unexplored area
unexplored area
unexplored area
unexplored area
unexplored area
unexplored area
unexplored area
unexplored area
unexplored area
unexplored area
unexplored area
unexplored area
unexplored area
unexplored area
unexplored area
unexplored area
unexplored area
unexplored area
unexplored area
unexplored area
unexplored area
unexplored area
unexplored area
unexplored area
unexplored area
unexplored area
unexplored area
unexplored area
unexplored area
unexplored area
unexplored area
unexplored area
unexplored area
unexplored area
wall
wall
wall
unexplored area
unexplored area
wall
wall
wall
wall
wall
wall
wall
wall
wall
wall
wall
wall
wall
wall
wall
wall
unexplored area
unexplored area
unexplored area
unexplored area
unexplored area
unexplored area
unexplored area
unexplored area
unexplored area
unexplored area
unexplored area
unexplored area
unexplored area
unexplored area
unexplored area
unexplored area
unexplored area
unexplored area
unexplored area
unexplored area
unexplored area
unexplored area
unexplored area
unexplored area
unexplored area
unexplored area
unexplored area
unexplored area
unexplored area
unexplored area
unexplored area
[Rustyspoon the Ryoshu ] St:25 Dx:17 Co:18 In:18 Wi:18 Ch:18 Lawful Astral Plane $:0 HP:399(409) Pw:51(61) AC:-33 Xp:17 T:40194

Latest messages:

The Angel of Susanowo misses the Angel of Amaterasu Omikami.
The Angel of Susanowo swings his long sword at the Angel of Amaterasu Omikami.
The Angel of Susanowo hits the Angel of Amaterasu Omikami.
The Angel of Susanowo swings his long sword at the Angel of Amaterasu Omikami.
The Angel of Susanowo hits the Angel of Amaterasu Omikami.
The Angel of Susanowo hits the Angel of Amaterasu Omikami.
The priest of Moloch zaps a wand of striking!
Boing!
Boing!
Boing!
There are many objects here.
You have a little trouble lifting m - a greased long sword named Frost Brand.
You have a little trouble lifting n - a scroll labeled ELBIB YLOH.
You have a little trouble lifting o - a wand of death.
Your movements are slowed slightly because of your load.
The Angel of Raijin zaps you with a magic missile!
The magic missile whizzes by you!
The Angel of Susanowo swings his long sword at it.
The Angel of Susanowo misses it.
The Angel of Susanowo swings his long sword at it.
The Angel of Susanowo hits it.
The Angel of Susanowo misses it.
What do you want to drop? [a-cegikm-ps-zA-ILN-PRTUW-Y or ?*]
You drop the Amulet of Yendor.
The high priest of Amaterasu Omikami swings his mace.
The high priest of Amaterasu Omikami hits!
The high priest of Amaterasu Omikami kicks!
The high priest of Amaterasu Omikami casts a spell at you!
Scales cover your eyes!
You hear a mumbled curse.
What do you want to use or apply? [bcegikops-vzIN-PRXY or ?*]
You can see again.
The Angel of Raijin zaps you with a magic missile!
The magic missile whizzes by you!
The magic missile misses the high priest of Amaterasu Omikami.
The magic missile bounces!
"This time I shall let thee off with a spanking, but let it not happen again."
The Angel of Susanowo zaps you with a magic missile!
The magic missile hits the renegade priest of Amaterasu Omikami.
The magic missile hits the Angel of Raijin.
The magic missile whizzes by you!
The magic missile hits the high priest of Amaterasu Omikami!
There is a high altar to Amaterasu Omikami (lawful) here.
What do you want to sacrifice? [T or ?*]
You offer the Amulet of Yendor to Amaterasu Omikami...
An invisible choir sings, and you are bathed in radiance...
The voice of Amaterasu Omikami thunders: "Mortal, thou hast done well!"
"In return for thy service, I grant thee the gift of Immortality!"
You ascend to the status of Demigoddess...
Do you want your possessions identified? [ynq] (y)

Inventory:

Amulets

H - an uncursed amulet of reflection (being worn)

Weapons

a - the blessed rustproof +6 Excalibur (wielded in right hand)
m - the uncursed greased +4 Frost Brand
w - a blessed rustproof +6 katana (wielded in left hand)
W - a blessed +2 athame named Elberethbane

Armor

A - a blessed +4 Hawaiian shirt with a sailboat motif named "sailboats on a purple background" (being worn)
B - a blessed +4 gray dragon scale mail (being worn)
C - an uncursed thoroughly burnt +5 oilskin cloak (being worn)
D - a blessed greased fireproof +5 pair of speed boots (being worn)
E - a blessed +4 pair of gauntlets of power (being worn)
F - an uncursed rusty corroded +0 dwarvish iron helm (being worn)

Comestibles

L - a cursed lizard corpse named KFC

Scrolls

n - a cursed scroll of taming

Spellbooks

s - the uncursed Book of the Dead

Rings

y - a blessed ring of conflict (on left hand)
G - a blessed ring of free action (on right hand)

Wands

c - a cursed wand of teleportation (0:5)
g - an uncursed wand of cancellation (0:6)
i - an uncursed wand of teleportation (0:6)
o - an uncursed wand of death (0:7)
p - an uncursed wand of death (2:5)
z - an uncursed wand of digging (0:7)
I - an uncursed wand of digging named empty (0:0)
N - an uncursed wand of cancellation (0:4)
O - a blessed wand of teleportation (0:6)
P - an uncursed wand of teleportation (0:1)
R - an uncursed wand of death (0:5)

Tools

b - a blessed bag of holding containing 98 items
e - an uncursed stethoscope
k - a cursed skeleton key
t - a blessed blindfold
u - a blessed +0 unicorn horn
v - a blessed magic lamp (lit)
X - the uncursed Candelabrum of Invocation (0 of 7 candles attached)
Y - the uncursed Bell of Opening (0:0)

Gems/Stones

x - a blessed luckstone

Contents of the bag of holding:

an uncursed amulet of life saving
an uncursed amulet of flying
an uncursed +0 bullwhip
an uncursed -3 helm of opposite alignment
an uncursed +0 pair of jumping boots
an uncursed +0 pair of levitation boots
a blessed +4 pair of water walking boots
11 uncursed C-rations
2 uncursed gunyoki
8 uncursed K-rations
an uncursed lizard corpse named BK
an uncursed scroll of fire
4 blessed scrolls of scare monster
14 blessed scrolls of blank paper
16 uncursed scrolls of blank paper
an uncursed scroll of earth
an uncursed scroll of enchant armor
an uncursed scroll of gold detection
5 blessed scrolls of remove curse
14 potions of holy water
2 uncursed potions of water
4 potions of unholy water
2 uncursed diluted potions of extra healing
4 blessed diluted potions of full healing
6 blessed potions of levitation
3 uncursed potions of paralysis
an uncursed potion of speed
an uncursed ring of conflict
an uncursed ring of conflict
a blessed ring of levitation
a blessed ring of teleport control
an uncursed ring of teleport control
an uncursed wand of slow monster (0:7)
an uncursed wand of opening (0:3)
an uncursed wand of cold (0:7)
an uncursed wand of cold (0:2)
an uncursed wand of cold (0:4)
an uncursed wand of cold (0:1)
an uncursed wand of cold (0:2)
an uncursed wand of cold (0:0)
an uncursed wand of digging (0:8)
an uncursed wand of digging (0:6)
an uncursed wand of digging (0:5)
an uncursed wand of digging (0:4)
an uncursed wand of digging (0:3)
an uncursed wand of digging (0:8)
an uncursed wand of digging (0:6)
an uncursed wand of digging (0:2)
an uncursed wand of digging (0:5)
an uncursed wand of digging (0:5)
an uncursed wand of digging (0:6)
an uncursed wand of digging (0:6)
a blessed wand of fire (0:4)
an uncursed wand of fire (0:6)
an uncursed wand of fire (0:5)
an uncursed wand of fire (0:4)
an uncursed wand of fire (0:5)
an uncursed wand of fire (0:5)
an uncursed wand of fire (0:5)
an uncursed wand of fire (0:6)
an uncursed wand of light (0:9)
an uncursed wand of lightning (0:6)
an uncursed wand of lightning (0:2)
an uncursed wand of lightning (0:2)
an uncursed wand of lightning (0:3)
an uncursed wand of lightning (0:0)
an uncursed wand of lightning (0:1)
an uncursed wand of magic missile (0:7)
an uncursed wand of magic missile (0:2)
an uncursed wand of magic missile (0:5)
an uncursed wand of magic missile (0:4)
an uncursed wand of secret door detection (0:12)
an uncursed wand of sleep (0:6)
an uncursed wand of sleep (0:1)
an uncursed wand of sleep (0:4)
an uncursed wand of sleep (0:6)
an uncursed wand of sleep (0:6)
an uncursed wand of sleep (0:5)
an uncursed wand of sleep (0:2)
an uncursed wand of speed monster (0:4)
an uncursed wand of speed monster (0:4)
an uncursed wand of striking (0:4)
an uncursed wand of striking (0:3)
an uncursed wand of wishing (1:1)
an uncursed bugle
a blessed tallow candle
5 uncursed wax candles
an uncursed magic lamp
an uncursed magic marker named charged (1:11)
an uncursed magic whistle
an uncursed magic whistle
an uncursed magic whistle
an uncursed +0 pick-axe
an uncursed +0 unicorn horn
an uncursed +0 unicorn horn
an uncursed +0 unicorn horn
an uncursed +0 unicorn horn
a blessed touchstone

Rustyspoon the Samurai's attributes:


Background:

You were a Ryoshu, a level 17 female human Samurai.
You were lawful, on a mission for Amaterasu Omikami
who was opposed by Raijin (neutral) and Susanowo (chaotic).
You were in the endgame, on the Astral Plane.
You entered the dungeon 40194 turns ago.
You had 647672 experience points, 632328 more were needed to attain level 18.

Basics:

You had 399 out of 409 hit points.
You had 51 out of 61 energy points (spell power).
Your armor class was -33.
Your wallet was empty.
Autopickup was off.

Final Characteristics:

Your strength was 25 (base:18/40, peak:18/41, innate limit:18/100).
Your dexterity was 17 (peak:18, limit:18).
Your constitution was 18 (limit:18).
Your intelligence was 18 (limit:18).
Your wisdom was 18 (limit:18).
Your charisma was 18 (limit:18).

Final Status:

You were not hungry.
You were unencumbered.
You were wielding two weapons at once.
You had expert skill with long sword and two weapons.

Final Attributes:

You were the Hand of Elbereth.
You were piously aligned.
You were magic-protected.
You were fire resistant.
You were cold resistant.
You were sleep resistant.
You were disintegration-resistant.
You were shock resistant.
You were poison resistant.
You were level-drain resistant.
You saw invisible.
You were telepathic.
You had automatic searching.
You were invisible to others.
You were stealthy.
You caused conflict.
You had a moderate defense bonus (+9).
You were guarded.
You were very fast.
You had reflection.
You had free action.
You were extremely lucky.
You had extra luck.
Good luck did not time out for you.
You survived.

Miscellaneous:
You never encountered a bones level.
Total elapsed playing time was 5 hours, 15 minutes and 20 seconds.

Major events:

Turn

1: rustyspoon the lawful female human Samurai entered the dungeon
907: attained the rank of Ronin (level 3)
1219: entered the Gnomish Mines
1552: was bestowed with Snickersnee by Amaterasu Omikami
2738: attained the rank of Kunoichi (level 6)
3093: reached Mine Town
5044: entered Sokoban
5380: completed 1st Sokoban level
6007: completed 2nd Sokoban level
6576: completed 3rd Sokoban level
7352: completed 4th Sokoban level
8334: acquired the Sokoban amulet of reflection
10798: was bestowed with Dragonbane by Amaterasu Omikami
10880: made her first wish - "blessed greased +2 gray dragon scale mail", got "a greased gray dragon scale mail"
12952: attained the rank of Joshu (level 10)
16047: entered the Bigroom
20818: attained the rank of Ryoshu (level 14)
21428: signified by divine providence, was chosen to carry Excalibur
22228: killed Croesus
27084: killed Medusa
29320: wished for "blessed greased fixed +2 boots of speed", got "a greased pair of combat boots"
29661: entered Gehennom
31139: killed the invisible Asmodeus
32498: was bestowed with Sunsword by Amaterasu Omikami
32621: was crowned "The Hand of Elbereth" by Amaterasu Omikami
34308: killed Ashikaga Takauji
34310: found the Tsurugi of Muramasa on the floor
34310: acquired the Bell of Opening
35417: wished for "blessed magic marker", got "a magic marker"
35835: wished for "blessed magic marker", got "a magic marker"
35886: killed Juiblex
36128: killed Yeenoghu
36347: killed the invisible Baalzebub
37090: destroyed Vlad the Impaler
37092: acquired the Candelabrum of Invocation
37358: killed the invisible Orcus
38246: killed the Wizard of Yendor
38256: acquired the Book of the Dead
38305: performed the invocation
38438: killed the high priestess of Moloch
38448: acquired The Amulet of Yendor
39369: killed the invisible Wizard of Yendor (2nd time)
39874: entered the Elemental Planes
39874: entered Plane of Earth
39875: killed the Wizard of Yendor (3rd time)
39930: entered Plane of Air
39972: entered Plane of Fire
40023: entered Plane of Water
40086: entered the Astral Plane
40098: killed Pestilence
40127: killed Pestilence (2nd time)
40174: killed Famine
40187: found Frost Brand carried by a monster
40194: ascended

Vanquished creatures:

Asmodeus
Baalzebub
Orcus
Yeenoghu
Juiblex
the Wizard of Yendor (thrice)
Pestilence (twice)
Famine
Vlad the Impaler
3 arch-liches
a high cleric
Medusa
Croesus
6 krakens
5 master liches
4 storm giants
a balrog
5 purple worms
2 gold dragons
2 silver dragons
a red dragon
2 white dragons
2 orange dragons
2 black dragons
3 blue dragons
a green dragon
5 yellow dragons
12 minotaurs
2 jabberwocks
Ashikaga Takauji
3 baluchitheria
6 Angels
4 demiliches
a stone golem
a master mind flayer
3 pit fiends
3 sandestins
a hell hound
2 displacer beasts
2 titanotheres
2 trappers
4 baby yellow dragons
3 genetic engineers
20 vampire leaders
3 skeletons
10 aligned clerics
6 captains
6 shades
7 liches
2 clay golems
5 nurses
2 nalfeshnees
2 lurkers above
a frost giant
3 ettins
18 black puddings
28 vampires
8 lieutenants
33 ghosts
a barbarian
a knight
10 samurai
a queen bee
4 winged gargoyles
2 mind flayers
8 giant mimics
5 long worms
2 zruties
2 fire giants
3 ogre tyrants
2 ice trolls
3 rock trolls
an umber hulk
a flesh golem
3 elven monarchs
2 doppelgangers
6 hezrous
6 bone devils
5 large mimics
2 wumpuses
a fire vortex
35 stalkers
3 air elementals
4 fire elementals
6 earth elementals
3 water elementals
7 hill giants
3 giant mummies
4 xorns
14 giant zombies
11 elf-nobles
19 sergeants
8 barbed devils
5 vrocks
3 salamanders
18 wargs
4 winter wolves
2 hell hound pups
13 small mimics
2 glass piercers
5 warhorses
12 xans
4 ettin mummies
6 ogre leaders
6 quantum mechanics
25 trolls
a sasquatch
2 wood golems
2 erinyes
a marilith
4 sharks
10 gelatinous cubes
3 large dogs
6 freezing spheres
9 flaming spheres
7 shocking spheres
3 large cats
6 tigers
5 gargoyles
2 dwarf rulers
3 ochre jellies
5 leocrottas
5 energy vortices
5 mountain centaurs
6 elf mummies
2 human mummies
2 red nagas
2 green slimes
8 pythons
3 pit vipers
4 cobras
29 wraiths
2 carnivorous apes
12 ettin zombies
3 leather golems
6 Grey-elves
114 soldiers
2 watchmen
7 amorous demons
5 horned devils
5 chameleons
4 crocodiles
12 giant beetles
6 quivering blobs
24 cockatrices
97 wolves
9 winter wolf cubs
3 panthers
4 gremlins
a spotted jelly
83 leprechauns
5 orc-captains
2 iron piercers
2 mumakil
11 giant spiders
7 scorpions
6 horses
3 ice vortices
5 black lights
12 vampire bats
4 forest centaurs
7 gnome rulers
6 orc mummies
2 dwarf mummies
4 ogres
6 brown puddings
10 rust monsters
11 owlbears
9 yetis
3 gold golems
5 werewolves
10 Green-elves
2 piranha
13 giant eels
20 lizards
22 ninja
6 chickatrices
3 dingoes
5 dogs
3 housecats
7 jaguars
2 dwarf leaders
2 blue jellies
2 gray unicorns
3 black unicorns
2 dust vortices
4 ravens
7 plains centaurs
3 gnome mummies
14 snakes
3 water moccasins
9 apes
14 human zombies
4 rope golems
a Woodland-elf
27 soldier ants
11 fire ants
25 bugbears
4 imps
3 lemures
5 quasits
5 wood nymphs
5 water nymphs
3 mountain nymphs
3 Mordor orcs
6 Uruk-hai
5 orc shamans
4 rock piercers
4 rock moles
5 ponies
4 fog clouds
10 yellow lights
a shrieker
6 violet fungi
25 gnome leaders
10 gnomish wizards
a kobold mummy
a red naga hatchling
3 black naga hatchlings
11 gray oozes
3 barrow wights
12 elf zombies
14 ghouls
2 straw golems
2 paper golems
2 jellyfish
16 giant ants
5 floating eyes
2 kittens
12 dwarves
3 homunculi
4 kobold leaders
4 kobold shamans
35 hill orcs
14 rothes
3 rabid rats
3 centipedes
4 giant bats
2 monkeys
9 orc zombies
17 dwarf zombies
2 wererats
2 werejackals
11 iguanas
56 killer bees
3 acid blobs
a coyote
8 hobbits
4 large kobolds
27 hobgoblins
12 giant rats
10 cave spiders
a brown mold
3 yellow molds
4 green molds
a red mold
83 gnomes
17 garter snakes
8 gnome zombies
18 geckos
14 jackals
4 foxes
7 kobolds
6 goblins
6 sewer rats
19 grid bugs
5 bats
10 lichens
8 kobold zombies
10 newts
2086 creatures vanquished.

Extinct species:

soldiers (extinct)
erinyes (extinct)
2 species extinct.

Voluntary challenges:

You read items or engraved 115 times.
You engraved Elbereth 1 time.
You never genocided any monsters.
You never changed form.
You used 4 wishes.
You did not wish for any artifacts.
You did not violate any of the special Sokoban rules.

Achievements:

You attained the rank of Ronin.
You entered the Gnomish Mines.
You attained the rank of Kunoichi.
You entered Minetown.
You entered a shop.
You entered a temple.
You entered Sokoban.
You completed Sokoban.
You attained the rank of Joshu.
You entered the Big Room.
You learned the tune to open and close the Castle's drawbridge.
You attained the rank of Ryoshu.
You defeated Medusa.
You entered Gehennom.
You had the Bell of Opening.
You had the Candelabrum of Invocation.
You had the Book of the Dead.
You gained access to Moloch's Sanctum.
You reached the Elemental Planes.
You reached the Astral Plane.
You delivered the Amulet of Yendor.
You ascended!

The Elemental Planes:

   Astral Plane: <- You are here.
Some temples.
Plane of Water:
Plane of Fire:
Plane of Air:
Plane of Earth:

The Dungeons of Doom: levels 1 to 25

   Level 1: "sell stash >"
A fountain.
One way stairs up to The Elemental Planes.
Level 2:
An altar to Amaterasu Omikami.
Level 3:
Stairs down to The Gnomish Mines.
Level 4:
Level 5:
Level 6:
Oracle of Delphi.
Level 7:
An altar to Amaterasu Omikami.
Stairs up to Sokoban, level 6.
Level 8:
Level 9:
Level 10:
A very big room.
Level 11: "fort ludios, incubus"
An altar to Amaterasu Omikami, a fountain.
Portal to Fort Ludios.
Level 12:
An altar to Amaterasu Omikami, a sink, a grave.
Portal to The Quest.
Level 13:
A fountain.
Level 14:
Level 15: "= crap stash _"
An altar to Amaterasu Omikami, a grave.
Level 16:
A grave.
Level 17:
Level 18:
A primitive area.
Level 19:
Level 20:
A general store.
Level 21:
A fountain.
Level 22: "$ >"
Some fountains, many trees.
Level 23:
Level 24:
Level 25: "gem stash"
A fountain.
The castle (play notes "AFDFC" to open or close drawbridge).
Connection to Gehennom.

Gehennom: levels 26 to 45

   Level 26:
A temple, many graves.
Valley of the Dead.
Level 27:
Level 28: "/oStriking, oil lamps >"
Level 29:
Level 30:
Level 31:
Many fountains.
Level 32:
Level 33:
Level 34:
Level 35:
Level 36:
Level 37:
Stairs up to Vlad's Tower, level 36.
Level 38:
Level 39:
Level 40:
Some shops, an altar, many graves.
Level 41:
Level 42:
Level 43:
Level 44:
Level 45:
A temple, many graves.
Moloch's Sanctum.

The Gnomish Mines: levels 4 to 11

   Level 4: "sell stash >"
Level 5: "sell stash >"
Level 6: "unfriendly watchcaptain next"
Level 7: "stash _"
Many shops, a temple, some fountains, some trees.
Level 8: "watchcaptain saber"
Level 9: "mithril >"
Level 10:
Level 11:
A fountain.

The Quest: levels 1 to 6

   Level 1:
Completed quest for Lord Sato.
Level 2: "stash >"
Level 3:
Level 4:
Level 5:
Level 6:

Sokoban: levels 6 up to 3

   Level 3:
Solved.
Level 4:
Solved.
Level 5: "stash 0"
Solved.
Level 6:
Solved.

Fort Ludios:

   Level 1:

Vlad's Tower: levels 36 up to 34

   Level 34:
Level 35:
Level 36:

Sayonara rustyspoon the Demigoddess...


You went to your reward with 2229686 points,
Excalibur (worth 4000 zorkmids and 10000 points)
Frost Brand (worth 3000 zorkmids and 7500 points)
The Book of the Dead (worth 10000 zorkmids and 25000 points)
The Candelabrum of Invocation (worth 5000 zorkmids and 12500 points)
The Bell of Opening (worth 5000 zorkmids and 12500 points)
and 0 pieces of gold, after 40194 moves.
You were level 17 with a maximum of 409 hit points when you ascended.